 Dungeon Crawl Stone Soup version 0.30-a0-358-g0d69a1922f (webtiles) character file.

Game seed: 322327045822906273

6582 Maxmaps the Fighter (level 11, -5/80 HPs)
             Began as an Octopode Monk on Nov 11, 2022.
             Was an Initiate of Gozag.
             Slain by a sixfirhy (12 damage)
             ... on level 9 of the Dungeon.
             The game lasted 00:19:59 (12046 turns).

Maxmaps the Fighter (Octopode Monk)                Turns: 12046, Time: 00:19:59

Health: -5/80      AC:  2    Str: 10    XL:     11   Next: 1%
Magic:  20/20      EV: 21    Int: 20    God:    Gozag
Gold:   319        SH:  0    Dex: 14    Spells: 6/10 levels left

rFire   + . .      SeeInvis .      - Unarmed
rCold   . . .      Faith    .    (no shield)
rNeg    . . .      Spirit   .    g - +1 hat
rPois   .          Reflect  .    (no amulet)
rElec   .          Harm     .    q - ring of wizardry
rCorr   .          Rampage  .    j - ring of protection from fire
Will    .....                    l - +4 ring of evasion
Stlth   +++.......               a - ring of magical power
HPRegen 0.33/turn                (no ring)
MPRegen 0.17/turn                (no ring)
                                 (no ring)
                                 (no ring)

@: no status effects
A: almost no armour, amphibious, 8 rings, camouflage 1, gelatinous body 1,
(nimble swimmer 1), tentacles, clever 1, sense surroundings 1, MP-powered wands
a: Renounce Religion, Potion Petition, Call Merchant, Bribe Branch


You were on level 9 of the Dungeon.
You worshipped Gozag.
Gozag was aware of your devotion.
You visited 2 branches of the dungeon, and saw 10 of its levels.
You also visited: Bailey.

You collected 1245 gold pieces.
You spent 221 gold pieces at shops.
You paid 705 gold pieces to Gozag.

Inventory:

Armour
 g - a +1 hat (worn)
Jewellery
 a - a ring of magical power (on tentacle)
 i - a ring of ice
 j - a ring of protection from fire (right tentacle)
 l - a +4 ring of evasion (on tentacle)
 q - a ring of wizardry (left tentacle)
Wands
 m - a wand of charming (17)
 p - a wand of polymorph (9)
 w - a wand of flame (1)
Scrolls
 b - 3 scrolls of poison
 c - 4 scrolls of teleportation
 k - 2 scrolls of enchant weapon
 o - a scroll of vulnerability
 t - 3 scrolls of amnesia
 u - a scroll of blinking
 v - a scroll of magic mapping
Potions
 d - 4 potions of brilliance
 f - a potion of resistance
 h - 6 potions of heal wounds
 n - 2 potions of flight
 r - 2 potions of degeneration
 s - 5 potions of curing


   Skills:
 - Level 9.2 Fighting
 - Level 9.0 Dodging
 - Level 2.6 Stealth
 - Level 9.0 Unarmed Combat
 + Level 3.1 Earth Magic
 - Level 7.0 Evocations


You had 6 spell levels left.
You knew the following spells:

 Your Spells              Type           Power      Damage    Failure   Level
a - Sandblast             Erth           24%        2d8       2%          1
b - Stone Arrow           Conj/Erth      12%        3d7       12%         3

Your spell library contained the following spells:

 Spells                   Type           Power      Damage    Failure   Level
 Passwall                 Tmut/Erth      5%         N/A       6%          2
 Vhi's Electric Charge    Tloc/Air       0%         N/A       22%         3
 Arcjolt                  Conj/Air       0%         1d10      88%         5
 Maxwell's Capacitive Co  Air            0%         ∞         100%        8


Dungeon Overview and Level Annotations

Branches:
Dungeon (9/15)             Temple (1/1) D:6            Lair (0/5) D:8
 Bailey (visited)
    Orc: D:9-12

Altars:
Ashenzari
Cheibriados
Dithmenos
Elyvilon
Fedhas
Gozag
Kikubaaqudgha
Makhleb
Nemelex Xobeh
Okawaru
Qazlal
Ru
Sif Muna
Trog
Uskayaw
Vehumet
Wu Jian
Xom
Yredelemnul
Zin
The Shining One

Shops:
D:7 *   D:8 :

Annotations:
D:8 exclusion: downstairs


Innate Abilities, Weirdness & Mutations

You cannot wear most types of armour.
You are amphibious.
You can wear up to eight rings at the same time.
Your skin changes colour to match your surroundings (Stealth+).
Your rubbery body absorbs attacks. (AC +1, EV +1)
((You are camouflaged when in or above water. (Stealth+)))
You have tentacles for arms and can constrict up to eight enemies at once.
Your mind is acute. (Int +4, Str/Dex -1)
You passively map a small area around you.
You expend magic power (3 MP) to strengthen your wands.


Message History

You kill the troll!
Your Earth Magic skill increases to level 3!
You have reached level 11!
You now have 311 gold pieces (gained 15).
You start resting.
You flicker for a moment.
You start resting.
You flicker back into view.
You start resting.
HP restored.
This spell is dangerous to cast!
Memorise Stone Arrow, consuming 3 spell levels and leaving 6?
You start memorising the spell.
You continue memorising. x3
You finish memorising.
Spell assigned to 'b'.
Done exploring.
Done exploring.
Done exploring.
Done exploring.
(D) Dungeon (T) Temple (L) Lair
Where to? (Enter - D:8 @ (x,y), ? - help)
What level of the Dungeon? (default 1, ? - help)
There is a stone staircase leading down, spattered with blood here.
You climb downwards.
There is a stone staircase leading up, spattered with blood here.
You now have 319 gold pieces (gained 8).
You see here a +0 mace.
A sixfirhy comes into view.
The sixfirhy barely misses you. The sixfirhy hits you! The sixfirhy shocks you!
The sixfirhy hits you! The sixfirhy shocks you! The sixfirhy misses you.
A sixfirhy is nearby!
You miss the sixfirhy. Your grab misses the sixfirhy. The sixfirhy hits you.
The sixfirhy shocks you! The sixfirhy hits you.
* * * LOW HITPOINT WARNING * * *
The sixfirhy shocks you!
* * * LOW HITPOINT WARNING * * *
The sixfirhy hits you!
* * * LOW HITPOINT WARNING * * *
The sixfirhy shocks you!
You die...
Your body crumbles into a pile of gold.

.# , ##..∩ .#, , ,*
### ##.... .# #.#.
*,#.. , #....3 .#
.#.#.## #.#* #.
*#...<. ## .......
,#.# ,... #...... ,,
.......###.# ...
#........ *
#.......##.# **..#
*#.#...###
.........#.###...####
##.# * *
#.......##..@.......
..,
#...........#3P...##
## *
.#...#.#####.≈≈..# *
##...)...# .≈≈.## * *
####<##.# ...P# ,, **
#.# # ...## * $ ,
,,,..# ...# * ####*,
.... , *


You could see a sixfirhy.

Vanquished Creatures
  2 gargoyles
  3 trolls (D:8)
  A vampire (Bailey)
  3 yaks (D:8)
  2 vampire mosquitoes (D:8)
  2 water moccasins
  Duvessa (D:4)
  3 orc warriors
  2 sky beasts
  3 ice beasts
  2 black bears
  An ogre (D:5)
  2 wolves (D:8)
  4 phantoms
  2 centaurs
  2 kobold brigands
  2 bullfrogs
  A necrophage (D:6)
  A scorpion (D:6)
  4 wights (D:8)
  Dowan (D:4)
  4 electric eels (D:8)
  5 wolf zombies (Bailey)
  A jelly (D:8)
  8 vampire bats (Bailey)
  3 howler monkeys (D:8)
  11 hounds
  A quasit (D:8)
  6 orc priests
  Ijyb (D:3)
  Terence (D:3)
  2 iguanas
  8 orc wizards
  3 gnolls (D:5)
  7 adders
  20 orc zombies (Bailey)
  3 dart slugs
  23 orcs
  8 endoplasms
  12 goblins
  3 hobgoblins
  3 jackals (D:2)
  21 kobolds
  4 quokkas
  6 ball pythons
  5 bats
  3 frilled lizards (D:3)
216 creatures vanquished.

Vanquished Creatures (others)
  A demonic plant (D:9)
  6 plants (D:3)
  14 withered plants (D:3)
21 creatures vanquished.

Grand Total: 237 creatures vanquished

Notes
Turn   | Place    | Note
-------+----------+-------------------------------------------
     0 | D:1      | Maxmaps the Octopode Monk began the quest for the Orb.
     0 | D:1      | Reached XP level 1. HP: 16/16 MP: 1/1
    48 | D:1      | You fall into a shaft and drop 1 floor!
    54 | D:2      | Reached XP level 2. HP: 19/21 MP: 2/2
   282 | D:2      | Reached XP level 3. HP: 24/27 MP: 3/3
  1021 | D:3      | Reached XP level 4. HP: 33/33 MP: 4/4
  1078 | D:3      | Noticed Ijyb
  1099 | D:3      | Killed Ijyb
  1721 | D:3      | Noticed Terence
  1731 | D:3      | Killed Terence
  1732 | D:3      | Reached XP level 5. HP: 23/37 MP: 5/5
  1913 | D:3      | Reached skill level 5 in Unarmed Combat
  1968 | D:3      | Found a faded altar of an unknown god.
  2213 | D:3      | Found a shimmering blue altar of Sif Muna.
  2305 | D:4      | Noticed Duvessa
  2305 | D:4      | Noticed Dowan
  2454 | D:4      | Noticed a phantom
  2587 | D:4      | Found a sparkling altar of Nemelex Xobeh.
  2600 | D:4      | Found a burning altar of Makhleb.
  2652 | D:4      | Killed Duvessa
  2653 | D:4      | Reached skill level 5 in Dodging
  2653 | D:4      | Reached XP level 6. HP: 37/43 MP: 6/6
  2661 | D:4      | Killed Dowan
  2776 | D:4      | Reached XP level 7. HP: 37/48 MP: 7/7
  3106 | D:4      | Reached skill level 5 in Fighting
  3391 | D:5      | Entered Level 5 of the Dungeon
  3757 | D:5      | Reached XP level 8. HP: 22/58 MP: 8/8
  5237 | D:6      | Found a blossoming altar of Fedhas.
  5397 | D:6      | Reached XP level 9. HP: 55/66 MP: 9/9
  5465 | D:6      | Found a sacrificial altar of Ru.
  5803 | D:6      | Found a staircase to the Ecumenical Temple.
  5816 | Temple   | Entered the Ecumenical Temple
  5820 | Temple   | Became a worshipper of Gozag Ym Sagoz the Greedy
  5931 | D:6      | Found a hide-covered altar of Uskayaw.
  7025 | D:7      | Found Kailus's Assorted Antiques.
  7028 | D:7      | Bought a granite ring for 140 gold pieces
  7028 | D:7      | Bought a scroll of identify for 56 gold pieces
  7028 | D:7      | Bought a murky purple potion for 25 gold pieces
  7440 | D:8      | Found a radiant altar of Vehumet.
  7540 | D:8      | Found an ancient bone altar of Kikubaaqudgha.
  7568 | D:8      | Found a flagged portal.
  7704 | Bailey   | Entered a bailey
  7855 | Bailey   | Reached XP level 10. HP: 55/73 MP: 10/10
  8248 | Bailey   | Noticed a gargoyle
  8255 | Bailey   | Gained mutation: Your mind is acute. (Int +4, Str/Dex -1)
                  | [potion of mutation]
  8255 | Bailey   | Gained mutation: You expend magic power (3 MP) to
                  | strengthen your wands. [potion of mutation]
  8255 | Bailey   | Gained mutation: You passively map a small area around you.
                  | [potion of mutation]
  8273 | Bailey   | Killed a gargoyle
  8456 | Bailey   | Identified the +0 leather armour "Lapaiz" {rCorr}
  8934 | D:8      | Reached skill level 1 in Evocations
  9097 | D:8      | Noticed a gargoyle
  9112 | D:8      | Killed a gargoyle
  9311 | D:8      | Found a staircase to the Lair.
  9660 | D:8      | Found a broken altar of Ashenzari.
  9847 | D:8      | Reached skill level 5 in Evocations
 11179 | D:8      | Learned a level 1 spell: Sandblast
 11550 | D:9      | Noticed a smoke demon
 11866 | D:8      | Reached XP level 11. HP: 31/80 MP: 11/11
 12017 | D:8      | Learned a level 3 spell: Stone Arrow
 12045 | D:9      | Noticed a sixfirhy
 12046 | D:9      | Slain by a sixfirhy

Illustrated notes

Levels and vault maps discovered:
D:1:      giann_bridges, layout_basic, minmay_indecisive_spiral
D:2:      minmay_door_path, layout_basic, st_stairs_3, minmay_surrounded
D:3:      layout_loops_ring, kennysheep_orc_sif_temple,
          shapermc_ecumenical_altar_flowoftime, nrook_loot_triangle,
          kennysheep_generic_room_9, uniq_ijyb, uniq_terence
D:4:      layout_gridville, mainiacjoe_overflow_catwalk_spiral, uniq_duvessa
D:5:      layout_loops_ring, serial_rivers, chequers_serial_rivers_micro_e,
          chequers_serial_rivers_micro_b, chequers_serial_rivers_large_a,
          chequers_serial_rivers_micro_e, chequers_serial_rivers_micro_e,
          guppyfry_early_orc_mine
D:6:      layout_rooms, fedhas_altar_1, old_standard_altar,
          nicolae_ru_the_path_less_chosen, minmay_temple_entry_junction
D:7:      layout_basic, serial_shops, kennysheep_mini, kennysheep_nondescript
D:8:      layout_loops_corners, mainiacjoe_overflow_surrounded_room,
          fiery_altar_vehumet, evilmike_ruin_ashenzari, erik_lair_island,
          enter_bailey_4
D:9:      layout_loops_ring, serial_demonic, serial_demonic_g, serial_demonic_d,
          serial_demonic_d, serial_demonic_g, serial_demonic_d, minivault_7,
          uniq_pikel
Temple:   nicolae_temple_x_marks_the_god

Skill      XL: |  1  2  3  4  5  6  7  8  9 10 |
---------------+-------------------------------+-----
Fighting       | 4 6 8 9 |  9.2
Unarmed Combat | 4 5 7 8 9 |  9.0
Dodging        | 5 6 9 |  9.0
Evocations     | 7 |  7.0
Earth Magic    | 3 |  3.1
Stealth        | |  2.6

Action                   |  1- 3 |  4- 6 |  7- 9 | 10-12 || total
-------------------------+-------+-------+-------+-------++-------
Melee: Unarmed           |    76 |   105 |   328 |   235 ||   744
       Constrict         |    17 |    15 |    50 |    43 ||   125
       Tentacles         |    14 |    24 |    75 |    64 ||   177
       Punch             |       |     1 |    16 |    14 ||    31
 Cast: Sandblast         |       |       |       |     6 ||     6
Invok: Call Merchant     |       |       |       |     1 ||     1
Evoke: Wand              |       |       |       |    10 ||    10
  Use: Potion            |     1 |     3 |     4 |     8 ||    16
       Scroll            |       |    10 |     6 |     5 ||    21
 Stab: Sleeping          |     9 |     4 |     6 |     3 ||    22
       Invisible         |       |     3 |       |     2 ||     5
       Distracted        |       |     1 |     1 |     1 ||     3
Armor: Skin              |     5 |     7 |    90 |    18 ||   120
Dodge: Dodged            |    37 |    57 |   256 |   322 ||   672

Table legend: (Time is in decaauts)
 A = Elapsed time spent in this place.
 B = Non-inter-level travel time spent in this place.
 C = Inter-level travel time spent in this place.
 D = Time resting spent in this place.
 E = Time spent auto-exploring this place.
 F = Levels seen in this place.
 G = Mean time per level.
                   A        B        C        D        E       F      G
               +--------+--------+--------+--------+--------+-----+--------+
         Total |  11961 |  11658 |    303 |   3660 |   5366 |  11 | 1087.4 |
       Dungeon |  10836 |  10541 |    295 |   3267 |   5054 |   9 | 1204.0 |
        Temple |     56 |     48 |      8 |      0 |     41 |   1 |   56.0 |
        Bailey |   1068 |   1068 |      0 |    393 |    271 |   1 | 1068.0 |
               +--------+--------+--------+--------+--------+-----+--------+

Top non-repeatable levels by time:
     D:8: 3397 daAuts
     D:5: 1853 daAuts
     D:7: 1474 daAuts
     D:3: 1316 daAuts
  Bailey: 1068 daAuts
     D:4: 1044 daAuts
     D:2: 961 daAuts
     D:6: 712 daAuts
  Temple: 56 daAuts
     D:1: 47 daAuts
     D:9: 27 daAuts
